Match 46827861
Unlisted

Match 46827861
End
Scout Squad
Construct Barracks
Selects Heavy Weapons
1⁄4-ton 4x4 Truck
Engineer Squad
Riflemen Squad
Mechanized Support Center
Construct Weapon Support Center
Designate Forward Repair Station
M3 Armored Personnel Carrier
Forward Retreat Point
Selects Assault Carriers
.30 cal Machine Gun
.30 cal Machine Gun
Construct Tank Depot
Bazooka Squad
M4A1 Sherman Medium Tank
M4A1 Sherman Medium Tank
M4A1 76mm Conversion
M1919 Machine Gun Team
Selects M2HB .50cal Heavy Machine Gun
Selects Gallant Stand
Selects Black Dragon Artillery Barrage
Engineer Squad
Black Dragon Artillery Barrage
M4A1(76) Sherman Medium Tank
Designate Forward Repair Station
M4A1(76) Sherman Medium Tank
Black Dragon Artillery Barrage
Bazooka Squad
Selects Exchangeable Parts
Black Dragon Artillery Barrage
Designate Forward Repair Station
Selects M26 Pershing Heavy Tank
M26 Pershing Heavy Tank
M4A1(76) Sherman Medium Tank
Engineer Squad
Designate Forward Repair Station
usbc
nick_2xd
Salva99
anioki
Sky Blues
Osso
0
0

Comments sign in to comment!

No comments posted yet!